 Dungeon Crawl Stone Soup version 0.30-a0-137-gd8773701ce (webtiles) character file.

Game seed: 8731533978322569001

64 LnG the Caller (level 4, -3/24 HPs)
             Began as a Kobold Summoner on Sept 23, 2022.
             Slain by a phantom (6 damage)
             ... on level 4 of the Dungeon.
             The game lasted 00:07:27 (2871 turns).

LnG the Caller (Kobold Summoner)                    Turns: 2871, Time: 00:07:28

Health: -3/24      AC:  2    Str:  5    XL:     4   Next: 32%
Magic:  5/7        EV: 15    Int: 18    God:
Gold:   85         SH:  0    Dex: 15    Spells: 2/8 levels left

rFire   . . .      SeeInvis .    f - +0 dagger
rCold   + . .      Faith    .    k - orb {guile}
rNeg    . . .      Spirit   .    a - +0 robe
rPois   .          Reflect  .    (no helmet)
rElec   .          Harm     .    (no cloak)
rCorr   .          Rampage  .    (no gloves)
Will    .....                    (no boots)
Stlth   ++++......               (no amulet)
HPRegen 0.08/turn                c - ring of protection from cold
MPRegen 0.10/turn                (no ring)

@: no status effects
A: small, no large weapons, nightstalker 3
a: no special abilities


You were on level 4 of the Dungeon.
You visited 1 branch of the dungeon, and saw 4 of its levels.

You collected 85 gold pieces.

Inventory:

Hand Weapons
 f - a +0 dagger (weapon)
Armour
 a - a +0 robe (worn)
 k - an orb of guile (worn)
Jewellery
 c - a ring of protection from cold (left hand)
Scrolls
 g - a scroll of blinking
 l - a scroll of noise {unknown}
 m - 2 scrolls of enchant armour {unknown}
 o - a scroll of poison {unknown}
Potions
 b - a potion of magic
 d - a potion of ambrosia {unknown}
 e - a potion of berserk rage {unknown}
 h - a potion of resistance {unknown}
 i - a potion of curing {unknown}
 j - a potion of might {unknown}
 n - 2 potions of haste {unknown}
 p - a potion of heal wounds {unknown}


   Skills:
 + Level 1.3 Short Blades
 + Level 2.6 Dodging
 + Level 3.7 Stealth
 + Level 0.8 Unarmed Combat
 + Level 2.5 Spellcasting
 + Level 4.6 Summonings


You had 2 spell levels left.
You knew the following spells:

 Your Spells              Type           Power      Damage    Failure   Level
a - Summon Small Mammal   Summ           76%        N/A       2%          1
b - Call Imp              Summ           19%        N/A       3%          2
c - Call Canine Familiar  Summ           19%        N/A       8%          3

Your spell library contained the following spells:

 Spells                   Type           Power      Damage    Failure   Level
 Sting                    Tmut/Pois      8%         1d3       17%         1
 Poisonous Vapours        Pois/Air       4%         N/A       26%         2
 Summon Guardian Golem    Hex/Summ       10%        N/A       21%         3
 Summon Lightning Spire   Summ/Air       10%        N/A       54%         4
 Olgreb's Toxic Radiance  Pois           2%         N/A       86%         4


Dungeon Overview and Level Annotations

Branches:
Dungeon (4/15)
 Temple: D:4-7

Altars:
Ashenzari
Hepliaklqana

Annotations:
D:3 Grinder


Innate Abilities, Weirdness & Mutations

You are small and have problems with some larger weapons.
You are completely attuned to the shadows.


Message History

You kill the goblin!
Things that are here:
a +0 club; a +0 sling; a goblin corpse The helpless phantom fails to defend itself.
You puncture the phantom!
The phantom is heavily damaged.
The phantom hits you.
Casting: Call Imp (safe; 3% risk of failure)
Confirm with . or Enter, or press ? or * to list all spells.
The spell is quite dangerous to miscast (8% risk of failure)!
Continue anyway?
The phantom hits you.
The phantom blinks!
You blink.
Your hound bites the phantom.
You hit the phantom.
The phantom is severely damaged.
Your hound bites the phantom but does no damage.
You hit the phantom but do no damage.
The phantom is severely damaged.
The phantom misses you.
Your hound barely misses the phantom.
You hit the phantom but do no damage.
The phantom is severely damaged.
Your hound completely misses the phantom.
The phantom hits you!
Your hound misses the phantom. You closely miss the phantom.
The phantom is severely damaged.
The phantom barely misses you.
Your hound bites the phantom.
You barely miss the phantom.
The phantom is severely damaged.
Your hound bites the phantom.
The phantom hits you!
* * * LOW HITPOINT WARNING * * *
The phantom blinks!
You blink.
You hit the phantom.
The phantom is almost destroyed.
The phantom hits you.
* * * LOW HITPOINT WARNING * * *
The phantom blinks!
You blink.
An endoplasm comes into view.
You hit the phantom but do no damage.
The phantom is almost destroyed.
The phantom hits you.
You die...

###
.###.#####
..#......<
######
.......##.
J....#
.#...###.
#..@#
##<####.
#.#.W..#
###....
#...####
##.##.
...#
#(..##
######§##
.##...#.
.......#
#B#...#≈
#..#.#
##...#.
###.§$.###
##..)#≈
...h.....+
s##...#.


You could see a phantom and an endoplasm (asleep).

Vanquished Creatures
  An adder (D:2)
  A dart slug (D:1)
  An endoplasm (D:2)
  A giant cockroach (D:1)
  A goblin (D:4)
  4 hobgoblins
  A jackal (D:1)
  A ball python (D:2)
  8 bats
  A frilled lizard (D:2)
  4 kobolds
  3 rats
27 creatures vanquished.

Vanquished Creatures (collateral kills)
  3 ball pythons
  2 endoplasms (D:1)
  A giant cockroach (D:1)
  2 goblins
  2 hobgoblins (D:2)
  6 jackals
  A bat (D:1)
  A frilled lizard (D:2)
  A kobold (D:1)
  2 rats
21 creatures vanquished.

Grand Total: 48 creatures vanquished

Notes
Turn   | Place    | Note
-------+----------+-------------------------------------------
     0 | D:1      | LnG the Kobold Summoner began the quest for the Orb.
     0 | D:1      | Reached XP level 1. HP: 10/10 MP: 3/3
   208 | D:1      | Reached XP level 2. HP: 15/15 MP: 1/5
   303 | D:1      | Found a faded altar of an unknown god.
   374 | D:1      | Learned a level 2 spell: Call Imp
   573 | D:1      | Reached XP level 3. HP: 12/19 MP: 2/6
   835 | D:1      | Learned a level 3 spell: Call Canine Familiar
  1939 | D:2      | Reached skill level 1 in Short Blades
  1983 | D:2      | Reached XP level 4. HP: 24/24 MP: 7/7
  2414 | D:3      | Found a hazy altar of Hepliaklqana.
  2459 | D:3      | Noticed Grinder
  2795 | D:4      | Found a broken altar of Ashenzari.
  2796 | D:4      | Saw a vision of the Shoals and the Spider Nest.
  2796 | D:4      | Noticed a pharaoh ant
  2796 | D:4      | Noticed a jumping spider
  2796 | D:4      | Noticed a manticore
  2797 | D:4      | Noticed a redback
  2797 | D:4      | Noticed a demonic crawler
  2797 | D:4      | Noticed a wolf spider
  2798 | D:4      | Noticed a culicivora
  2799 | D:4      | Noticed a snapping turtle
  2799 | D:4      | Noticed a manticore
  2799 | D:4      | Noticed a demonic crawler
  2801 | D:4      | Noticed an entropy weaver
  2801 | D:4      | Noticed a water nymph
  2801 | D:4      | Noticed a merfolk
  2804 | D:4      | Noticed a culicivora
  2856 | D:4      | Noticed a phantom
  2871 | D:4      | Slain by a phantom

Illustrated notes

Levels and vault maps discovered:
D:1:      shiori_arrival_elements, layout_basic,
          hellmonk_ecumenical_altar_lost_god
D:2:      layout_basic, serial_glass, glass_columns_a, glass_columns_c,
          chequers_serial_rivers_room_b
D:3:      layout_loops_corners, lemuel_crystal_altar,
          amcnicky_mini_corridor_feature, uniq_grinder, uniq_crazy_yiuf_cottage,
          uniq_ijyb
D:4:      layout_loops_corners, grunt_ashenzari_visionary
          [grunt_ashenzari_visionary_shoals, grunt_ashenzari_visionary_spider],
          mainiacjoe_overflow_brackets, nicolae_overflow_crystal_walls,
          chequers_serial_rivers_large_b, uniq_robin

Skill      XL: |  1  2  3 |
---------------+----------+-----
Stealth        | 3 |  3.7
Short Blades   | 1 |  1.3
Dodging        | |  2.6
Unarmed Combat | |  0.8
Spellcasting   | |  2.5
Summonings     | |  4.6

Action                   |  1- 3 |  4- 6 || total
-------------------------+-------+-------++-------
Melee: Unarmed           |    16 |       ||    16
       Dagger            |    63 |    19 ||    82
       Punch             |     1 |       ||     1
 Cast: Summon Small Mamm |    18 |       ||    18
       Call Imp          |     2 |     1 ||     3
       Call Canine Famil |     3 |     4 ||     7
  Use: Scroll            |     2 |     1 ||     3
 Stab: Sleeping          |    10 |     3 ||    13
Armor: Robe              |    10 |       ||    10
Dodge: Dodged            |    58 |    14 ||    72

Table legend: (Time is in decaauts)
 A = Elapsed time spent in this place.
 B = Non-inter-level travel time spent in this place.
 C = Inter-level travel time spent in this place.
 D = Time resting spent in this place.
 E = Time spent auto-exploring this place.
 F = Levels seen in this place.
 G = Mean time per level.
                   A        B        C        D        E       F      G
               +--------+--------+--------+--------+--------+-----+--------+
         Total |   2872 |   2829 |     43 |    496 |   1875 |   4 |  718.0 |
       Dungeon |   2872 |   2829 |     43 |    496 |   1875 |   4 |  718.0 |
               +--------+--------+--------+--------+--------+-----+--------+

Top non-repeatable levels by time:
     D:1: 1322 daAuts
     D:2: 859 daAuts
     D:3: 544 daAuts
     D:4: 145 daAuts
